 Dungeon Crawl Stone Soup version 0.26-a0-652-gafc20e3620 (webtiles) character file.

Game seed: 13741423503228378941

817 DogServant the Conjurer (level 7, 0/36 HPs)
             Began as a Deep Elf Conjurer on Oct 3, 2020.
             Was an Initiate of Sif Muna.
             Killed from afar by Dowan (18 damage)
             ... with a shard of ice
             ... on level 5 of the Dungeon.
             The game lasted 00:11:17 (6194 turns).

DogServant the Conjurer (Deep Elf Conjurer)         Turns: 6194, Time: 00:11:18

Health: 0/36       AC:  4    Str:  5    XL:     7   Next: 62%
Magic:  1/15       EV: 13    Int: 29    God:    Sif Muna [......]
Gold:   237        SH:  0    Dex: 14    Spells: 0/14 levels left

rFire    . . .     SeeInvis .   f - +1 mace
rCold    + . .     Faith    .   (no shield)
rNeg     . . .     Spirit   .   a - +1 robe
rPois    .         Reflect  .   (no helmet)
rElec    .         Harm     .   m - +0 cloak
rCorr    .         Rampage  .   (no gloves)
MR       .....                  (no boots)
Stlth    ++........             (no amulet)
HPRegen  0.12/turn              q - ring of the Yeti {rF+ Int+6}
MPRegen  0.14/turn              o - ring of ice

@: mighty
A: no striking features
a: Renounce Religion


You were on level 5 of the Dungeon.
You worshipped Sif Muna.
Sif Muna was noncommittal.
You visited 1 branch of the dungeon, and saw 5 of its levels.

You collected 337 gold pieces.
You spent 100 gold pieces at shops.

Inventory:

Hand Weapons
 f - a +1 mace (weapon)
Armour
 a - a +1 robe (worn)
 e - a +0 buckler
 h - a +0 leather armour
 m - a +0 cloak (worn)
Jewellery
 o - a ring of ice (right hand)
 q - the ring of the Yeti (left hand) {rF+ Int+6}
   (You bought it in a shop on level 5 of the Dungeon)

   [ring of intelligence]

   It affects your intelligence (+6).
   It protects you from fire.
Wands
 b - a wand of random effects (19)
Scrolls
 c - 5 scrolls of remove curse
 g - 2 scrolls of fog
 i - 2 scrolls of identify
 j - 3 scrolls of enchant weapon
 k - a scroll of teleportation
 n - 2 scrolls of fear
 p - a scroll of blinking {unknown}
Potions
 l - 2 potions of lignification {unknown}
 r - 3 potions of curing {unknown}
 s - 2 potions of haste


   Skills:
 - Level 2.4 Dodging
 - Level 2.4 Stealth
 + Level 3.5 Shields
 - Level 4.0 Spellcasting
 + Level 6.9 Conjurations
 + Level 5.4 Hexes
 + Level 2.5 Invocations


You couldn't memorise any spells.
You knew the following spells:

 Your Spells              Type           Power        Failure   Level
a - Magic Dart            Conj           ####         1%          1
b - Searing Ray           Conj           #####.       1%          2
c - Dazzling Flash        Conj/Hex       #####.       1%          3
d - Fulminant Prism       Conj/Hex       #####.....   5%          4
e - Iskenderun's Mystic   Conj/Tloc      ####....     17%         4

Your spell library contained the following spells:

 Spells                   Type           Power        Failure   Level
 Summon Small Mammal      Summ           #...         7%          1
 Summon Guardian Golem    Hex/Summ       ###.....     7%          3
 Call Imp                 Summ           #.......     11%         2
 Call Canine Familiar     Summ           #.......     21%         3
 Summon Ice Beast         Ice/Summ       #.......     56%         4
 Summon Lightning Spire   Summ/Air       #.......     56%         4


Dungeon Overview and Level Annotations

Branches:
Dungeon (5/15)
 Temple: D:4-7

Altars:
Dithmenos
Elyvilon
Fedhas
Gozag
Kikubaaqudgha
Qazlal
Sif Muna
Wu Jian
Yredelemnul
The Shining One

Shops:
D:5 **

Annotations:
D:5 Dowan


Message History

Dowan blinks!
Things that are here:
a +0 short sword; a +0 ring mail; a potion of flight Dowan casts a spell at you.
The shard of ice hits you! You partially resist. Dowan casts a spell at you.
The stone arrow hits you.
Dowan says, "Her death will not be in vain!"
You feel very mighty all of a sudden. Dowan barely misses you.
You hit Dowan.
Dowan is moderately wounded.
Dowan barely misses you.
Dowan hits you with a +0 vampiric dagger.
You miss Dowan.
Dowan is moderately wounded.
Dowan gestures at you while chanting. The shard of ice hits you!!
You partially resist.
Ouch! That really hurt!
You die...

...# ##...##.#
.#.# #.....#.#
.....>.
#.....#.#
.####..
#.....#.# ...
.. ##....#.#
#### #
#......# #
#.###### # #.#
# ########@#
#......#e#
#.#.#..).....#
#.......#...#
....#..#.....#
#####..###..##
### ..... ...#
..####.###.
....# #......#
########


You could see Dowan (fast).

Vanquished Creatures
  Duvessa (D:5)
  A phantom (D:5)
  An ogre (D:4)
  A bullfrog zombie (D:5)
  A jelly (D:5)
  2 orc priests
  3 orc wizards (D:5)
  2 worker ants (D:5)
  A hound skeleton (D:4)
  4 gnolls (D:4)
  7 adders
  A shadow imp (D:5)
  An ooze (D:2)
  5 worms
  2 dart slugs
  4 leopard geckos
  16 orcs
  2 ball pythons
  8 giant cockroaches
  14 goblins
  6 hobgoblins
  17 jackals
  2 quokkas (D:4)
  5 bats
  5 frilled lizards
  9 kobolds
  A leopard gecko skeleton (D:4)
  A leopard gecko zombie (D:5)
  A quokka skeleton (D:3)
  5 rats
129 creatures vanquished.

Vanquished Creatures (others)
  A worm (D:2)
  2 fulminant prisms (D:5)
3 creatures vanquished.

Grand Total: 132 creatures vanquished

Notes
Turn   | Place    | Note
-------+----------+-------------------------------------------
     0 | D:1      | DogServant the Deep Elf Conjurer began the quest for the
                  | Orb.
     0 | D:1      | Reached XP level 1. HP: 10/10 MP: 6/6
   191 | D:1      | Reached XP level 2. HP: 7/15 MP: 3/8
   597 | D:1      | Learned a level 2 spell: Searing Ray
   817 | D:1      | Reached XP level 3. HP: 15/19 MP: 10/10
  1103 | D:2      | Found an ornate altar of the Wu Jian Council.
  1223 | D:2      | Learned a level 3 spell: Dazzling Flash
  1325 | D:2      | Reached skill level 5 in Conjurations
  1694 | D:2      | Found a basalt altar of Yredelemnul.
  1711 | D:2      | Reached skill level 1 in Shields
  1711 | D:2      | Reached skill level 1 in Hexes
  1907 | D:2      | Reached XP level 4. HP: 24/24 MP: 3/12
  1990 | D:2      | Found a stormy altar of Qazlal.
  2067 | D:2      | Found a glowing golden altar of the Shining One.
  2154 | D:2      | Found a glowing golden altar of the Shining One.
  2331 | D:2      | Noticed an angel
  2885 | D:3      | Found a white marble altar of Elyvilon.
  4080 | D:4      | Found an ancient bone altar of Kikubaaqudgha.
  4082 | D:4      | Reached XP level 5. HP: 25/28 MP: 10/13
  4662 | D:4      | Reached XP level 6. HP: 32/32 MP: 6/14
  4941 | D:4      | Found a blossoming altar of Fedhas.
  4943 | D:4      | Found a shimmering blue altar of Sif Muna.
  4944 | D:4      | Reached skill level 6 in Conjurations
  4959 | D:4      | Found an opulent altar of Gozag.
  4973 | D:4      | Became a worshipper of Sif Muna the Loreminder
  5049 | D:4      | Found a shadowy altar of Dithmenos.
  5258 | D:5      | Entered Level 5 of the Dungeon
  5356 | D:5      | Reached skill level 1 in Invocations
  5399 | D:5      | Learned a level 4 spell: Fulminant Prism
  5528 | D:5      | Found Leho's Assorted Antiques.
  5545 | D:5      | Bought a smoking turquoise ring for 100 gold pieces
  5560 | D:5      | Identified the ring of the Yeti {rF+ Int+6} (You bought it
                  | in a shop on level 5 of the Dungeon)
  5572 | D:5      | Reached XP level 7. HP: 36/36 MP: 6/15
  5687 | D:5      | Reached skill level 5 in Hexes
  5831 | D:5      | Learned a level 4 spell: Iskenderun's Mystic Blast
  5990 | D:5      | Found Azxienwe's Mayhem Merchandise.
  6174 | D:5      | Noticed Duvessa
  6174 | D:5      | Noticed Dowan
  6181 | D:5      | Killed Duvessa
  6194 | D:5      | Killed from afar by Dowan

Illustrated notes

Levels and vault maps discovered:
D:1:      elethiomel_arrival_shortcut, layout_basic
D:2:      layout_basic, grunt_temple_overflow_holy_war,
          nicolae_overflow_hidden_temple, tso_altar
D:3:      layout_rooms, elyvilon_altar_5
D:4:      layout_rooms, kennysheep_mini_moat, grunt_temple_overflow_open,
          overflow_temple_1_default, minivault_5
D:5:      cheibrodos_helix_gallery, layout_loops_cross, serial_shops, shop,
          hangedman_decor_points, minmay_shop_mayhem, uniq_duvessa

Skill      XL: |  1  2  3  4  5  6  7 |
---------------+----------------------+-----
Spellcasting   | 4 |  4.0
Conjurations   | 5 6 |  6.9
Shields        | 1 2 3 |  3.5
Hexes          | 1 2 3 4 5 |  5.4
Invocations    | 1 2 |  2.5
Dodging        | |  2.4
Stealth        | |  2.4

Action                   |  1- 3 |  4- 6 |  7- 9 || total
-------------------------+-------+-------+-------++-------
Melee: Mace              |    13 |   112 |    40 ||   165
 Cast: Magic Dart        |    73 |    46 |     8 ||   127
       Searing Ray       |     4 |    35 |     6 ||    45
       Fulminant Prism   |       |       |     2 ||     2
  Use: Scroll            |       |     7 |       ||     7
       Potion            |       |     4 |     1 ||     5
 Stab: Sleeping          |     2 |     2 |     2 ||     6
Armor: Robe              |     6 |    50 |    19 ||    75
Dodge: Dodged            |    16 |   171 |    58 ||   245

Table legend: (Time is in decaauts)
 A = Elapsed time spent in this place.
 B = Non-inter-level travel time spent in this place.
 C = Inter-level travel time spent in this place.
 D = Time resting spent in this place.
 E = Time spent auto-exploring this place.
 F = Levels seen in this place.
 G = Mean time per level.
                   A        B        C        D        E       F      G
               +--------+--------+--------+--------+--------+-----+--------+
         Total |   6243 |   6133 |    110 |   1672 |   3654 |   5 | 1248.6 |
       Dungeon |   6243 |   6133 |    110 |   1672 |   3654 |   5 | 1248.6 |
               +--------+--------+--------+--------+--------+-----+--------+

Top non-repeatable levels by time:
     D:2: 1662 daAuts
     D:3: 1323 daAuts
     D:4: 1199 daAuts
     D:1: 1104 daAuts
     D:5: 954 daAuts
